 Dungeon Crawl Stone Soup version 0.20.1-1-g8b1a95d (webtiles) character file.

326 dohliylev the Covert (level 6, -1/42 HPs)
             Began as a Vampire Enchanter on July 15, 2017.
             Slain by an ogre
             ... wielding a +0 giant club
              (19 damage)
             ... on level 4 of the Dungeon.
             The game lasted 00:17:34 (4573 turns).

dohliylev the Covert (Vampire Enchanter)            Turns: 4573, Time: 00:17:35

Health: -1/42      AC:  2    Str:  9    XL:     6   Next: 24%
Magic:  6/9        EV: 13    Int: 19    God:
Gold:   97         SH:  0    Dex: 15    Spells: 3/9 levels left

rFire    . . .     SeeInvis +   a - +1 dagger
rCold    . . .     Gourm    .   (no shield)
rNeg     + . .     Faith    .   b - +0 robe
rPois    .         Spirit   .   (no helmet)
rElec    .         Reflect  .   (no cloak)
rCorr    .         Harm     .   (no gloves)
MR       .....                  (no boots)
Stlth    ++++......             k - amulet of inaccuracy (curse)
Regen    0.2/turn               r - +2 ring of strength
MPRegen  0.2/turn               (no ring)

@: no status effects
A: fangs 3, see invisible, unbreathing
a: Bat Form


You were on level 4 of the Dungeon.
You were not thirsty.

You visited 1 branch of the dungeon, and saw 4 of its levels.

You collected 97 gold pieces.

Inventory:

Hand Weapons
 a - a +1 dagger (weapon)
 p - a cursed -2 short sword
 u - a +2 short sword of venom
Armour
 b - a +0 robe (worn)
Jewellery
 k - a cursed amulet of inaccuracy (around neck)
 r - a +2 ring of strength (left hand)
Scrolls
 e - 6 scrolls of remove curse {unknown}
 i - 2 scrolls of immolation {unknown}
 j - 6 scrolls of identify {unknown}
 m - a scroll of fog {unknown}
 v - 3 scrolls of recharging {unknown}
 w - a scroll of enchant armour {unknown}
 x - a scroll of fear {unknown}
Potions
 d - 10 potions of blood
 f - 3 potions of curing {unknown}
 g - 2 potions of agility
 h - a potion of brilliance {unknown}
 l - 2 potions of mutation {unknown}
 o - a potion of degeneration {unknown}
 q - a potion of heal wounds {unknown}
 s - a potion of flight {unknown}
 t - a potion of might {unknown}
Books
 c - a book of Maledictions

   Spells                             Type                      Level
   a - Corona                         Hexes                        1
   b - Ensorcelled Hibernation        Hexes/Ice                    2
   c - Confuse                        Hexes                        3
   d - Tukima's Dance                 Hexes                        3
   e - Dazzling Spray                 Conjuration/Hexes            3
 n - Sif Muna's Compendium of Moulding
   (You found it on level 2 of the Dungeon)

   Spells                             Type                      Level
   a - Beastly Appendage              Transmutation                1


   Skills:
 - Level 0.6 Fighting
 + Level 4.9 Short Blades
 - Level 2.1 Dodging
 - Level 8.1 Stealth
 - Level 2.0 Spellcasting
 - Level 4.4 Hexes
 - Level 0.2 Ice Magic


You had 3 spell levels left.
You knew the following spells:

 Your Spells              Type           Power        Failure   Level  Hunger
a - Corona                Hex            ###....      2%          1    #......
b - Ensorcelled Hibernat  Hex/Ice        ##....       10%         2    ###....
c - Confuse               Hex            ###.....     9%          3    ###....


Dungeon Overview and Level Annotations

Branches:
Dungeon (4/15)
 Temple: D:4-7

Altars:
Elyvilon
Fedhas
Kikubaaqudgha
Sif Muna
Vehumet

Annotations:
D:3 jojo4000's ghost, amateur MiBe


Innate Abilities, Weirdness & Mutations

You have razor-sharp teeth.
You have supernaturally acute eyesight. (SInv)
You can survive without breathing.


Message History

Press: ? - help, Shift-Dir - straight line, f - ogre
Aim: an ogre, wielding a giant club (chance to defeat MR: 41%)
You miscast Ensorcelled Hibernation.
You are very lightly contaminated with residual magic.
Wisps of condensation drift from your hands.
Casting: Ensorcelled Hibernation
Confirm with . or Enter, or press ? or * to list all spells.
Aiming: Ensorcelled Hibernation
Press: ? - help, Shift-Dir - straight line, f/p - ogre
Aim: an ogre, wielding a giant club (chance to defeat MR: 41%)
The ogre resists with some effort.
The ogre closely misses you.
Your magical contamination has completely faded away.
You see here a bread ration.
Casting: Ensorcelled Hibernation
Confirm with . or Enter, or press ? or * to list all spells.
Aiming: Ensorcelled Hibernation
Press: ? - help, Shift-Dir - straight line, f/p - ogre
Aim: an ogre, wielding a giant club (chance to defeat MR: 41%)
The ogre resists with some effort.
The ogre hits you with a giant club!!
You die...

#.......# #..###### #..#
#.%# #..# #..### #..#..
#.O#.# ##########.@#.#
### #...........#.# ...
#.########..#.# ## #.#
#.# #....>...###.## #.#
#.#
##.###.......#.#####.###
#.# #..#
#...###..##...#.#.. #.#
#.## #.### #..##.#.#.#.#
#.# #.# #.#
#..##.#.....# #.# #.#
#.# #..##.#######


You could see an ogre.

Vanquished Creatures
  A scorpion (D:4)
  A crimson imp (D:4)
  Natasha (thrice) (D:3)
  A worker ant (D:4)
  Terence (D:3)
  5 adders
  An ooze (D:2)
  2 worms
  3 dart slugs
  A leopard gecko (D:3)
  5 orcs (D:3)
  6 giant cockroaches
  6 goblins
  3 hobgoblins
  5 jackals
  A quokka (D:4)
  7 bats
  3 frilled lizards
  7 kobolds
  8 rats
70 creatures vanquished.

Notes
Turn   | Place    | Note
-------+----------+-------------------------------------------
     0 | D:1      | dohliylev the Vampire Enchanter began the quest for the Orb.
     0 | D:1      | Reached XP level 1. HP: 13/13 MP: 3/3
    93 | D:1      | Reached skill level 5 in Stealth
   239 | D:1      | Reached XP level 2. HP: 19/20 MP: 5/5
   246 | D:1      | Learned a level 2 spell: Ensorcelled Hibernation
   982 | D:2      | Reached XP level 3. HP: 25/25 MP: 0/6
  1085 | D:2      | Found a radiant altar of Vehumet.
  1129 | D:2      | Found a deep blue altar of Sif Muna.
  1129 | D:2      | Found an ancient bone altar of Kikubaaqudgha.
  1135 | D:2      | Identified Sif Muna's Compendium of Moulding
  1211 | D:2      | Reached skill level 6 in Stealth
  1828 | D:2      | Found a blossoming altar of Fedhas.
  1898 | D:3      | Noticed jojo4000's ghost (amateur MiBe)
  1903 | D:3      | Learned a level 3 spell: Confuse
  1919 | D:3      | HP: 1/25 [jojo4000's ghost (5)]
  2341 | D:3      | Found a faded altar of an unknown god.
  2345 | D:3      | Reached XP level 4. HP: 31/31 MP: 7/7
  2428 | D:3      | Noticed Terence
  3302 | D:3      | Killed Terence
  3302 | D:3      | Reached skill level 7 in Stealth
  3447 | D:3      | Found a white marble altar of Elyvilon.
  3579 | D:3      | Noticed Natasha
  3582 | D:3      | Killed Natasha
  3582 | D:3      | Reached XP level 5. HP: 36/36 MP: 8/8
  3705 | D:3      | Noticed Natasha
  3713 | D:3      | Killed Natasha
  3735 | D:3      | Noticed Natasha
  3739 | D:3      | Killed Natasha
  3739 | D:3      | Reached skill level 8 in Stealth
  4371 | D:4      | Reached XP level 6. HP: 35/42 MP: 6/9
  4573 | D:4      | Slain by an ogre

Skill      XL: |  1  2  3  4  5 |
---------------+----------------+-----
Stealth        | 5 6 7 8 |  8.1
Short Blades   | 2 3 4 |  4.9
Fighting       | |  0.6
Dodging        | |  2.1
Spellcasting   | |  2.0
Hexes          | |  4.4
Ice Magic      | |  0.2

Action                   |  1- 3 |  4- 6 || total
-------------------------+-------+-------++-------
Melee: Dagger            |   104 |    95 ||   199
       Bite              |     7 |     7 ||    14
 Cast: Ensorcelled Hiber |    12 |    38 ||    50
       Confuse           |     2 |     8 ||    10
       Corona            |       |     1 ||     1
 Abil: End Transformatio |     2 |     5 ||     7
       Bat Form          |     2 |     5 ||     7
  Use: Potion            |     2 |     7 ||     9
 Stab: Sleeping          |    21 |    25 ||    46
       Confused          |       |     2 ||     2
  Eat: Corpse            |     2 |     5 ||     7
Armor: Robe              |    11 |    10 ||    21
Dodge: Dodged            |    65 |    46 ||   111
